 Dungeon Crawl Stone Soup version 0.25.0-1-g7eea58d2a3 (webtiles) character file.

Game seed: 1779691451841158988

4846 raph the Destroyer (level 10, 0/70 (71) HPs)
             Began as a Yellow Draconian Conjurer on June 14, 2020.
             Was a Follower of Sif Muna.
             Shot with an arrow by a centaur (4 damage)
             ... on level 8 of the Dungeon.
             The game lasted 00:30:42 (9544 turns).

raph the Destroyer (Yellow Draconian Conjurer)      Turns: 9544, Time: 00:30:42

HP:   0/70 (71)     AC: 13    Str: 10    XL:     10   Next: 25%
MP:   3/19          EV: 13    Int: 19    God:    Sif Muna [*.....]
Gold: 377           SH:  0    Dex: 12    Spells: 3/21 levels left

rFire    + . .     SeeInvis .   s - +3 dagger (venom)
rCold    + . .     Gourm    .   (no shield)
rNeg     . . .     Faith    .   (armour unavailable)
rPois    +         Spirit   .   (helmet restricted)
rElec    +         Reflect  .   (no cloak)
rCorr    +         Harm     .   p - +0 pair of gloves
MR       .....                  y - +0 pair of boots
Stlth    ++........             l - amulet of regeneration
HPRegen  0.61/turn              B - +4 ring of protection
MPRegen  0.16/turn              (no ring)

@: short of breath, resistant, marked, stab
A: spit acid, unfitting armour, cold-blooded, acid resistance, AC +7
a: Breathe Acid, Channel Magic, Renounce Religion


You were on level 8 of the Dungeon.
You worshipped Sif Muna.
Sif Muna was aware of your devotion.
You were hungry.

You visited 2 branches of the dungeon, and saw 9 of its levels.

You collected 377 gold pieces.

Inventory:

Hand Weapons
 d - a +0 dagger
 i - a +1 spear of freezing
 n - a +2 vorpal hand axe
 s - a +3 dagger of venom (weapon)
Missiles
 a - 8 atropa-tipped darts
 c - 2 curare-tipped darts (quivered)
 o - 25 poisoned darts
 w - 62 arrows
Armour
 p - a +0 pair of gloves (worn)
 y - a +0 pair of boots (worn)
Jewellery
 l - an amulet of regeneration (around neck)
 B - a +4 ring of protection (left hand)
Wands
 q - a wand of acid (9)
 u - a wand of paralysis (3)
 z - a wand of polymorph (11)
 C - a wand of disintegration (19)
Scrolls
 e - 4 scrolls of teleportation
 v - 5 scrolls of remove curse
 x - a scroll of amnesia
Potions
 g - a potion of stabbing
 h - 4 potions of magic {unknown}
 j - a potion of heal wounds {unknown}
 k - a potion of ambrosia {unknown}
 m - a potion of haste {unknown}
 r - a potion of brilliance {unknown}
 t - 3 potions of degeneration {unknown}
Comestibles
 b - 12 rations
 D - 10 chunks of flesh


   Skills:
 - Level 1.1 Fighting
 - Level 3.4 Dodging
 - Level 3.6 Stealth
 + Level 6.1 Spellcasting
 * Level 11.0 Conjurations
 - Level 2.7 Hexes
 - Level 6.7 Transmutations
 + Level 0.2 Fire Magic


You had 3 spell levels left.
You knew the following spells:

 Your Spells              Type           Power        Failure   Level  Hunger
a - Magic Dart            Conj           ####         1%          1    None
b - Searing Ray           Conj           #####.       1%          2    None
c - Dazzling Flash        Conj/Hex       ####..       1%          3    ##.....
d - Beastly Appendage     Tmut           ####..       1%          1    None
e - Sticks to Snakes      Tmut           ####....     1%          2    None
f - Fulminant Prism       Conj/Hex       ####......   6%          4    ####...
g - Foxfire               Conj/Fire      ####         1%          1    None
h - Iskenderun's Mystic   Conj/Tloc      ####....     12%         4    ####...

Your spell library contained the following spells:

 Spells                   Type           Power        Failure   Level  Hunger
 Conjure Flame            Conj/Fire      ####....     3%          3    ##.....
 Spider Form              Tmut/Pois      ###.......   9%          3    ##.....
 Freeze                   Ice            #...         11%         1    None
 Inner Flame              Hex/Fire       ##......     19%         3    ##.....
 Frozen Ramparts          Ice            #.....       32%         3    ##.....
 Ozocubu's Armour         Chrm/Ice       #.......     32%         3    ##.....
 Sticky Flame             Conj/Fire      ####....     11%         4    ####...
 Hailstorm                Conj/Ice       ####....     12%         4    ####...
 Blade Hands              Tmut           ####......   19%         5    #####..
 Ice Form                 Ice/Tmut       ###.....     28%         4    ####...
 Fireball                 Conj/Fire      ####......   30%         5    #####..
 Summon Ice Beast         Ice/Summ       #.......     73%         4    ####...


Dungeon Overview and Level Annotations

Branches:
Dungeon (8/15)             Temple (1/1) D:7
   Lair: D:8-11

Altars:
Ashenzari
Cheibriados
Dithmenos
Elyvilon
Fedhas
Gozag
Hepliaklqana
Kikubaaqudgha
Makhleb
Nemelex Xobeh
Okawaru
Qazlal
Ru
Sif Muna
Trog
Uskayaw
Vehumet
Wu Jian
Xom
Yredelemnul
Zin
The Shining One
Jiyva

Shops:
D:5 [[

Annotations:
D:6 2 transporters
D:8 Harold


Innate Abilities, Weirdness & Mutations

You can spit globs of acid.
Your golden yellow scales are hard. (AC +7)
You cannot fit into any form of body armour.
You are cold-blooded and may be slowed by cold attacks.
You are resistant to acid. (rCorr)


Message History

Harold gestures at you while chanting. The mark upon you grows brighter.
You hit Harold.
Harold is almost dead.
The centaur shoots an arrow.
The arrow hits you.
Harold hits you with a +5 flail of holy wrath!
You hit Harold.
Harold is almost dead.
The centaur shoots an arrow.
The arrow hits you.
Harold hits you with a +5 flail of holy wrath.
The centaur shoots an arrow.
The arrow hits you.
* * * LOW HITPOINT WARNING * * *
It was a potion of resistance.
You feel protected.
The centaur shoots an arrow.
The arrow hits you!
* * * LOW HITPOINT WARNING * * *
It was a potion of stabbing.
You feel ready to backstab.
The centaur shoots an arrow.
The arrow hits you.
You die...

..........## #.#
##.##.###)# #(#
##.#...##.## #@#
#.)....)...# #.#
#.##...#...#
####@#
#.###.##...#
#....#
'.....##)รท.#
#.####
#.######..)# #@#
#.# #...# #@#
########...# #.#
...........# #.#
..######.#.#####.#
.........#.....c.#
#.################


You could see Harold (poisoned, corroded) and a centaur.

Vanquished Creatures
  A two-headed ogre (D:8)
  Pikel (D:7)
  2 centaur skeletons (D:8)
  A komodo dragon (D:8)
  3 hippogriffs
  A human (D:8)
  Menkaure (D:4)
  Duvessa (D:7)
  An ice beast (D:7)
  2 slaves (D:7)
  A necrophage (D:6)
  6 ogres
  2 big kobolds
  3 bullfrogs
  Dowan (D:7)
  A scorpion (D:5)
  A killer bee (D:8)
  5 crimson imps
  2 jellies
  2 hounds
  A bullfrog zombie (D:7)
  2 bullfrog skeletons (D:4)
  5 orc priests
  4 orc wizards
  Ijyb (D:4)
  6 worker ants
  A hound zombie (D:4)
  2 hound skeletons
  A worker ant zombie (D:7)
  Robin (D:3)
  7 gnolls
  6 adders
  A shadow imp (D:7)
  An ooze (D:3)
  2 adder skeletons
  5 worms
  2 dart slugs
  2 leopard geckos
  18 orcs
  4 giant cockroaches
  23 goblins
  13 jackals
  5 quokkas
  A ball python skeleton (D:4)
  6 bats
  5 frilled lizards
  10 kobolds
  A leopard gecko skeleton (D:4)
  A quokka skeleton (D:4)
  5 rats
180 creatures vanquished.

Vanquished Creatures (others)
  2 slaves (D:7)
  2 kobolds (D:7)
  A foxfire (D:7)
  11 fulminant prisms
16 creatures vanquished.

Grand Total: 196 creatures vanquished

Notes
Turn   | Place    | Note
-------+----------+-------------------------------------------
     0 | D:1      | raph the Draconian Conjurer began the quest for the Orb.
     0 | D:1      | Reached XP level 1. HP: 14/14 MP: 3/3
   286 | D:1      | Reached XP level 2. HP: 20/20 MP: 0/5
   343 | D:1      | Learned a level 2 spell: Searing Ray
  1343 | D:2      | Reached XP level 3. HP: 26/26 MP: 2/6
  2174 | D:3      | Reached XP level 4. HP: 33/33 MP: 4/7
  2608 | D:3      | Identified the +0 helmet of Fedhas's Envy {Harm *Drain rC++
                  | Stlth+}
  2608 | D:3      | Noticed Robin
  2668 | D:3      | Killed Robin
  2769 | D:3      | Reached skill level 5 in Conjurations
  2988 | D:3      | Learned a level 3 spell: Dazzling Flash
  3375 | D:4      | Reached XP level 5. HP: 19/38 MP: 4/9
  3514 | D:4      | Noticed Ijyb
  3525 | D:4      | Killed Ijyb
  3525 | D:4      | Reached skill level 1 in Hexes
  3607 | D:4      | Found a white marble altar of Elyvilon.
  3607 | D:4      | Noticed Menkaure
  3615 | D:4      | Killed Menkaure
  3615 | D:4      | Reached XP level 6. HP: 45/45 MP: 2/10
  3727 | D:5      | Entered Level 5 of the Dungeon
  4257 | D:4      | Your scales start taking on a golden yellow colour.
  4257 | D:4      | Reached XP level 7. HP: 45/50 MP: 4/12
  4257 | D:4      | Gained mutation: You are resistant to acid. (rCorr) [Yellow
                  | Draconian growth]
  4536 | D:4      | Learned a level 1 spell: Beastly Appendage
  4649 | D:5      | Reached skill level 6 in Conjurations
  4704 | D:5      | Reached skill level 1 in Transmutations
  4905 | D:5      | Reached skill level 1 in Fighting
  4981 | D:5      | Found Hoggio's Armour Shop.
  4987 | D:5      | Found a shattered altar of Ashenzari.
  5211 | D:3      | Learned a level 2 spell: Sticks to Snakes
  5670 | D:5      | Found Oleryted's Armour Emporium.
  5728 | D:6      | Found a transporter.
  5744 | D:6      | Found a transporter.
  5811 | D:6      | Learned a level 4 spell: Fulminant Prism
  5861 | D:6      | Reached XP level 8. HP: 59/59 MP: 7/13
  6149 | D:6      | Reached skill level 7 in Conjurations
  6814 | D:7      | Reached skill level 8 in Conjurations
  6890 | D:7      | Found a staircase to the Ecumenical Temple.
  6988 | Temple   | Entered the Ecumenical Temple
  7092 | Temple   | Became a worshipper of Sif Muna the Loreminder
  7323 | D:7      | Found a shadowy altar of Dithmenos.
  7461 | D:7      | Learned a level 1 spell: Foxfire
  7472 | D:7      | Noticed Duvessa
  7492 | D:7      | Noticed Dowan
  7499 | D:7      | Killed Duvessa
  7500 | D:7      | Killed Dowan
  7705 | D:7      | Found a hazy altar of Hepliaklqana.
  7706 | D:7      | Found a snail-covered altar of Cheibriados.
  7710 | D:7      | Found a basalt altar of Yredelemnul.
  7711 | D:7      | Found a glowing golden altar of the Shining One.
  7712 | D:7      | Found an opulent altar of Gozag.
  7712 | D:7      | Found a bloodstained altar of Trog.
  7712 | D:7      | Found a glowing silver altar of Zin.
  7712 | D:7      | Found an ornate altar of the Wu Jian Council.
  7713 | D:7      | Found a sacrificial altar of Ru.
  7714 | D:7      | Found a radiant altar of Vehumet.
  7716 | D:7      | Found an ancient bone altar of Kikubaaqudgha.
  7717 | D:7      | Found a hide-covered altar of Uskayaw.
  7806 | D:7      | Noticed Pikel
  7809 | D:7      | Paralysed by Pikel for 2 turns
  7815 | D:7      | Killed Pikel
  7815 | D:7      | Reached skill level 9 in Conjurations
  7815 | D:7      | Reached skill level 5 in Transmutations
  7815 | D:7      | Reached XP level 9. HP: 63/63 MP: 10/15
  8672 | D:8      | Reached * piety under Sif Muna
  8698 | D:8      | Reached skill level 5 in Spellcasting
  8766 | D:8      | Noticed a two-headed ogre
  8781 | D:8      | Killed a two-headed ogre
  8781 | D:8      | Reached skill level 10 in Conjurations
  8887 | D:8      | Noticed a komodo dragon
  8921 | D:8      | Killed a komodo dragon
  8921 | D:8      | Reached XP level 10. HP: 40/70 MP: 12/18
  9350 | D:8      | Reached skill level 11 in Conjurations
  9477 | D:8      | Learned a level 4 spell: Iskenderun's Mystic Blast
  9497 | D:8      | Noticed Harold
  9543 | D:8      | HP: 3/70 [centaur/arrow (13)]
  9544 | D:8      | Shot with an arrow by a centaur

Illustrated notes

Levels and vault maps discovered:
D:1:      dpeg_arrival_long_road, layout_loops_ring
D:2:      layout_rooms
D:3:      layout_loops_corners, minmay_misc_feat_tower, uniq_robin
D:4:      layout_rooms, first_ration, chequers_jeans, elyvilon_altar_3,
          uniq_ijyb, uniq_menkaure
D:5:      layout_basic, serial_shops, shop, shop, basic_altar
D:6:      gammafunk_steamed_eel, layout_gridville
D:7:      layout_loops_corners, minitemple, grunt_dithmenos_smoke_and_mirrors,
          minmay_temple_entry_grid, uniq_duvessa, uniq_pikel
D:8:      layout_loops_ring, enter_bailey_3, grunt_pizzeria,
          grunt_decor_one_mirror, minmay_pinched_square, uniq_harold
Temple:   pf_slimified_temple

Skill      XL: |  1  2  3  4  5  6  7  8  9 10 |
---------------+-------------------------------+-----
Stealth        | 2 3 |  3.6
Dodging        | 2 3 |  3.4
Conjurations   | 5 6 9 10 11 | 11.0
Hexes          | 1 2 |  2.7
Spellcasting   | 3 4 5 6 |  6.1
Transmutations | 2 5 6 |  6.7
Fighting       | 1 |  1.1
Fire Magic     | |  0.2

Action                   |  1- 3 |  4- 6 |  7- 9 | 10-12 || total
-------------------------+-------+-------+-------+-------++-------
Melee: Hand axe          |     5 |    20 |       |       ||    25
       Tailslap          |       |     4 |     5 |     2 ||    11
       Dagger            |       |    11 |    41 |    15 ||    67
       Unarmed           |       |       |    11 |       ||    11
Throw: Dart              |       |       |       |     2 ||     2
 Cast: Magic Dart        |    52 |    40 |    98 |    16 ||   206
       Searing Ray       |    12 |    17 |    44 |     9 ||    82
       Beastly Appendage |       |       |     1 |       ||     1
       Fulminant Prism   |       |       |     5 |     6 ||    11
       Dazzling Flash    |       |       |     2 |       ||     2
       Foxfire           |       |       |     1 |       ||     1
       Iskenderun's Myst |       |       |       |     1 ||     1
 Abil: Breathe Acid      |       |       |     3 |     2 ||     5
Evoke: Wand              |       |       |       |     1 ||     1
  Use: Scroll            |     3 |     2 |     1 |     2 ||     8
       Potion            |       |       |       |     2 ||     2
  Eat: Chunk             |     5 |     7 |    17 |     3 ||    32
Armor: Skin              |     8 |    24 |    35 |     9 ||    76
Dodge: Dodged            |    18 |    36 |    89 |     7 ||   150
